 Dungeon Crawl Stone Soup version 0.28.0-53-g5a82cb258f (webtiles) character file.

Game seed: 5356203766733159454

18809 jjjjhere the Grappler (level 12, 0/177 HPs)
             Began as a Troll Warper on Oct 15, 2022.
             Was an Elder of Trog.
             Killed from afar by Azrael (34 damage)
             ... with damnation
             ... on level 13 of the Dungeon.
             The game lasted 00:17:20 (10718 turns).

jjjjhere the Grappler (Troll Warper)               Turns: 10718, Time: 00:17:21

Health: 0/177      AC:  8    Str: 28 (30) XL:     12   Next: 31%
Magic:  12/12      EV: 10    Int:  7 (9)  God:    Trog [****..]
Gold:   836        SH:  0    Dex:  8 (11) Spells: 13/13 levels left

rFire   . . .      SeeInvis .     - Unarmed
rCold   . . .      Faith    .   (no shield)
rNeg    . . .      Spirit   .   e - +0 acid dragon scales
rPois   .          Reflect  .   (helmet restricted)
rElec   .          Harm     .   (no cloak)
rCorr   +          Rampage  .   (gloves unavailable)
Will    ++...                   (boots unavailable)
Stlth   ..........              (no amulet)
HPRegen 2.19/turn               f - +6 ring of strength
MPRegen 0.13/turn               (no ring)

@: berserking, strong-willed, regenerating, hasted, very quick
A: large, unfitting armour, claws 3, regeneration 1, shaggy fur 1, tough skin 1
a: Renounce Religion, Berserk, Trog's Hand, Brothers in Arms


You were on level 13 of the Dungeon.
You worshipped Trog.
Trog was greatly pleased with you.
You visited 1 branch of the dungeon, and saw 13 of its levels.

You collected 836 gold pieces.

Inventory:

Missiles
 c - 11 boomerangs of dispersal (quivered)
 m - 9 boomerangs
 r - 4 throwing nets
Armour
 e - +0 acid dragon scales (worn)
 k - a +0 robe of willpower
Jewellery
 f - a +6 ring of strength (left claw)
 u - a ring of willpower
 A - a ring of ice
 D - a ring of magical power
 F - a ring of fire
Wands
 h - a wand of polymorph (7)
 w - a wand of iceblast (8)
 x - a wand of mindburst (16)
 y - a wand of charming (7)
 B - a wand of flame (7)
 G - a wand of acid (1)
 K - a wand of paralysis (4)
Scrolls
 a - a scroll of magic mapping {unknown}
 b - 3 scrolls of blinking
 g - 2 scrolls of fog
 i - 4 scrolls of teleportation
 j - 2 scrolls of enchant armour
 o - a scroll of fear
 q - 3 scrolls of silence
 s - 3 scrolls of amnesia
 v - a scroll of immolation
 C - a scroll of enchant weapon
 I - 3 scrolls of vulnerability {unknown}
Potions
 d - a potion of curing
 l - 3 potions of lignification
 n - 4 potions of attraction
 p - 2 potions of brilliance
 z - 2 potions of resistance
 E - a potion of cancellation
 J - a potion of haste


   Skills:
 - Level 7.0 Fighting
 - Level 0.8 Throwing
 - Level 3.2 Armour
 - Level 6.2 Dodging
 - Level 14.4 Unarmed Combat
 - Level 1.2 Spellcasting
 - Level 2.1 Translocations
 + Level 7.0 Evocations


You had 13 spell levels left.
You didn't know any spells.
Your spell library contained the following spells:

 Spells                   Type           Power      Damage    Failure   Level
 Blink                    Tloc           6%         N/A       30%         2
 Gell's Gravitas          Tloc           3%         N/A       52%         3
 Lesser Beckoning         Tloc           3%         N/A       52%         3
 Teleport Other           Tloc           3%         N/A       52%         3
 Manifold Assault         Tloc           3%         N/A       99%         5


Dungeon Overview and Level Annotations

Branches:
Dungeon (13/15) Temple (0/1) D:5 Lair (0/6) D:10 D:11 Orc (0/2) D:10 Vaults: D:13-14

Altars:
Trog

Shops:
D:7 (   D:11 :

Annotations:
D:7 3 runed translucent doors, turdburglar's ghost, novice TrFi
D:10 1 runed translucent door, 2 transporters, macfelon's ghost, journeyman DECj
D:13 1 runed translucent door, Azrael


Innate Abilities, Weirdness & Mutations

You are too large for most types of armour.
You have claws for hands.
Your natural rate of healing is unusually fast.
You are covered in fur. (AC +1)
You have tough skin. (AC +1)


Message History

The sphere of damnation explodes!
The damnation engulfs you!!
* * * LOW HITPOINT WARNING * * *
You hear a shout!
You miss the fire elemental. You claw the fire elemental!
The fire elemental is heavily damaged.
The fire elemental hits you. The fire elemental burns you!
* * * LOW HITPOINT WARNING * * *
You feel much better. The fire elemental barely misses you.
A red film seems to cover your vision as you go berserk!
You feel yourself moving faster!
You feel mighty! The fire elemental barely misses you.
You closely miss the fire elemental.
The fire elemental is heavily damaged.
Azrael is momentarily hidden by a cloud of flames.
You closely miss the fire elemental.
The fire elemental is heavily damaged.
The fire elemental hits you. The fire elemental burns you!
* * * LOW HITPOINT WARNING * * *
You mangle the fire elemental!!
You destroy the fire elemental!
Trog accepts your kill. Azrael gestures at you. The sticky flame misses you.
Your Evocations skill increases to level 7!
Things that are here:
a hell hound corpse; a hell hound corpse; a hell hound corpse You mangle Azrael!!
Azrael is moderately wounded.
Azrael hits you with a +4 scimitar of flaming!!
* * * LOW HITPOINT WARNING * * *
Azrael burns you.
* * * LOW HITPOINT WARNING * * *
You mangle Azrael!!
Azrael is severely wounded.
You barely miss Azrael.
Azrael is severely wounded.
Azrael gestures at you.
The sphere of damnation explodes!
The damnation engulfs you!!
You die...

..##....######..###
........##....##
#............##
##...........#
##.......###..#
##......### ##.##
.........# #..#
........## ##.#
#.......# #@##
#..####.. #R.# #.
##. ##.# # . #..#
#. °.... ........
h.#........
..#........# °.#
°°°○....#


You could see Azrael.

Vanquished Creatures
  Snorg (D:11)
  Fannar (D:10)
  Harold (D:11)
  2 hydras (D:12)
  2 centaur warriors
  A death knight (D:8)
  Pikel (D:6)
  2 manticores
  3 cyclopes
  2 gargoyles (D:12)
  Maggie (D:6)
  4 trolls
  Prince Ribbit (D:5)
  Grinder (D:4)
  2 wyverns
  A fire bat (D:10)
  A wraith (D:12)
  3 fire elementals (D:13)
  6 yaks (D:8)
  Eustachio (D:5)
  2 steam dragons
  11 vampire mosquitoes
  Menkaure (D:5)
  Edmund (D:6)
  Duvessa (D:7)
  3 water moccasins
  2 acid dragons (D:9)
  4 hell hounds (D:13)
  7 orc warriors
  A black bear (D:6)
  An ice beast (D:8)
  8 centaurs
  2 necrophages
  A phantom (D:6)
  4 kobold brigands
  3 bullfrogs
  A gnoll sergeant (D:6)
  A wyvern zombie (D:9)
  A scorpion (D:5)
  A water moccasin zombie (D:5)
  Dowan (D:7)
  6 killer bees
  3 howler monkeys
  8 wights (D:8)
  6 centaur zombies
  A hound (D:5)
  3 jellies
  A gnoll shaman (D:7)
  7 orc priests
  A bullfrog skeleton (D:5)
  Terence (D:2)
  3 iguanas
  10 orc wizards
  A killer bee zombie (D:6)
  A hound skeleton (D:4)
  4 howler monkey zombies
  15 gnolls
  A howler monkey skeleton (D:7)
  7 adders
  A shadow imp (D:8)
  A white imp (D:5)
  An adder skeleton (D:5)
  A dart slug (D:1)
  38 orcs
  3 giant cockroaches
  9 goblins
  13 hobgoblins
  2 jackals (D:4)
  A quokka (D:3)
  6 ball pythons
  2 bats
  5 frilled lizards
  20 kobolds
  5 rats
281 creatures vanquished.

Vanquished Creatures (others)
  Kirke (D:13)
  4 humans (D:13)
  3 fungi (D:3)
  6 plants
14 creatures vanquished.

Grand Total: 295 creatures vanquished

Notes
Turn   | Place    | Note
-------+----------+-------------------------------------------
     0 | D:1      | jjjjhere the Troll Warper began the quest for the Orb.
     0 | D:1      | Reached XP level 1. HP: 19/19 MP: 1/1
   388 | D:1      | Reached XP level 2. HP: 27/27 MP: 2/2
   836 | D:2      | Reached skill level 3 in Unarmed Combat
   840 | D:2      | Reached XP level 3. HP: 22/33 MP: 3/3
   844 | D:2      | Reached skill level 4 in Unarmed Combat
  1115 | D:2      | You fall into a shaft and drop 1 floor!
  1136 | D:3      | Reached XP level 4. HP: 22/41 MP: 4/4
  1411 | D:2      | Noticed Terence
  1416 | D:2      | Killed Terence
  1820 | D:3      | Reached skill level 5 in Unarmed Combat
  2183 | D:3      | Identified the +3 shortbow "Ikkici" {venom, Fragile Str+4}
  2259 | D:3      | Found a faded altar of an unknown god.
  2268 | D:3      | Prayed at the altar of an unknown god.
  2268 | D:3      | Became a worshipper of Trog the Wrathful
  2268 | D:3      | Reached * piety under Trog
  2362 | D:4      | Reached XP level 5. HP: 48/48 MP: 5/5
  2585 | D:4      | Noticed Grinder
  2590 | D:4      | Paralysed by Grinder for 4 turns
  2606 | D:4      | Killed Grinder
  2607 | D:4      | Reached skill level 6 in Unarmed Combat
  2607 | D:4      | Reached XP level 6. HP: 36/55 MP: 6/6
  2767 | D:4      | Reached skill level 7 in Unarmed Combat
  2880 | D:5      | Entered Level 5 of the Dungeon
  2897 | D:5      | Found a bloodstained altar of Trog.
  2969 | D:5      | Reached XP level 7. HP: 62/62 MP: 7/7
  2983 | D:5      | Reached skill level 8 in Unarmed Combat
  2993 | D:5      | Reached ** piety under Trog
  3025 | D:5      | Noticed Menkaure
  3029 | D:5      | HP: 17/62 [Menkaure (18)]
  3033 | D:5      | Killed Menkaure
  3127 | D:5      | Reached skill level 9 in Unarmed Combat
  3212 | D:5      | Noticed Eustachio
  3224 | D:5      | Killed Eustachio
  3225 | D:5      | Reached XP level 8. HP: 60/70 MP: 8/8
  3233 | D:5      | HP: 23/70 [centaur (2)]
  3342 | D:5      | Found a staircase to the Ecumenical Temple.
  3354 | D:5      | Reached skill level 10 in Unarmed Combat
  3496 | D:5      | Noticed Prince Ribbit
  3518 | D:5      | Killed Prince Ribbit
  3825 | D:6      | Reached skill level 11 in Unarmed Combat
  3835 | D:6      | Noticed Pikel
  3852 | D:6      | Killed Pikel
  3853 | D:6      | Reached XP level 9. HP: 53/76 MP: 9/9
  3889 | D:6      | Noticed Edmund
  3896 | D:6      | Reached skill level 12 in Unarmed Combat
  3901 | D:6      | Killed Edmund
  4218 | D:6      | Reached *** piety under Trog
  4524 | D:6      | Noticed Maggie
  4532 | D:6      | Killed Maggie
  4533 | D:6      | Reached skill level 13 in Unarmed Combat
  4959 | D:7      | Noticed Duvessa
  4959 | D:7      | Noticed Dowan
  4967 | D:7      | Killed Dowan
  4971 | D:7      | Killed Duvessa
  4972 | D:7      | Reached skill level 14 in Unarmed Combat
  5103 | D:7      | Found a runed translucent gate.
  5104 | D:7      | Found a runed translucent gate.
  5104 | D:7      | Found a runed translucent gate.
  5107 | D:7      | Noticed turdburglar's ghost (novice TrFi)
  5526 | D:7      | Found Geadix's Firing Range.
  5702 | D:8      | Reached XP level 10. HP: 70/85 MP: 10/10
  5717 | D:8      | Reached **** piety under Trog
  5917 | D:8      | HP: 30/91 [orc warrior/+0 glaive (20)]
  6645 | D:8      | Noticed a cyclops
  6645 | D:8      | Noticed a death knight
  6665 | D:8      | Killed a death knight
  6666 | D:8      | Reached skill level 5 in Dodging
  6671 | D:8      | Reached skill level 5 in Fighting
  6672 | D:8      | Killed a cyclops
  7048 | D:9      | Reached XP level 11. HP: 68/104 MP: 11/11
  7639 | D:10     | Entered Level 10 of the Dungeon
  7639 | D:10     | Noticed a centaur warrior
  7650 | D:10     | Killed a centaur warrior
  7657 | D:9      | HP: 49/157 [poisoned by a killer bee]
  7659 | D:9      | HP: 23/105 [killer bee (3)]
  7661 | D:9      | HP: 7/105 [killer bee (5)]
  7909 | D:10     | Found a runed translucent door.
  7912 | D:10     | Noticed macfelon's ghost (journeyman DECj)
  7924 | D:10     | Found a staircase to the Lair.
  7961 | D:10     | Reached skill level 1 in Armour
  8207 | D:10     | Found a staircase to the Orcish Mines.
  8211 | D:10     | Noticed Fannar
  8223 | D:10     | Killed Fannar
  8498 | D:10     | Found a transporter.
  8500 | D:10     | Noticed an orc high priest
  8641 | D:10     | Noticed an orc sorcerer
  8642 | D:10     | Noticed an orc sorcerer
  8643 | D:10     | Found a transporter.
  8922 | D:11     | Found Quceppig's Book Shoppe.
  9059 | D:11     | Reached skill level 1 in Evocations
  9150 | D:11     | Noticed Harold
  9163 | D:11     | Killed Harold
  9486 | D:11     | Noticed Snorg
  9495 | D:11     | Killed Snorg
  9976 | D:12     | Reached skill level 5 in Evocations
  9982 | D:12     | Reached XP level 12. HP: 73/118 MP: 12/12
 10048 | D:12     | Noticed a six-headed hydra
 10062 | D:12     | Noticed a five-headed hydra
 10349 | D:12     | Noticed a four-headed hydra
 10354 | D:12     | Killed a four-headed hydra
 10364 | D:12     | Killed a six-headed hydra
 10364 | D:12     | Reached ***** piety under Trog
 10563 | D:13     | Noticed a centaur warrior
 10573 | D:13     | Killed a centaur warrior
 10573 | D:13     | Noticed a centaur warrior
 10583 | D:13     | Killed Kirke
 10587 | D:13     | Noticed a centaur warrior
 10595 | D:13     | Noticed a centaur warrior
 10597 | D:13     | HP: 24/118 [centaur warrior/arrow (23)]
 10688 | D:13     | Found a runed translucent gate.
 10688 | D:13     | Noticed Azrael
 10696 | D:13     | HP: 30/118 [hell hound/blast of flame[Azrael] (23)]
 10698 | D:13     | HP: 14/118 [hell hound/blast of flame[Azrael] (15)]
 10707 | D:13     | HP: 18/118 [Azrael/damnation (27)]
 10709 | D:13     | HP: 8/118 [fire elemental[Azrael] (12)]
 10716 | D:13     | HP: 36/177 [Azrael/+4 scimitar of flaming (19)]
 10718 | D:13     | Killed from afar by Azrael

Illustrated notes

Levels and vault maps discovered:
D:1:      elethiomel_arrival_maze, layout_basic, chequers_big_river
D:2:      layout_basic, uniq_terence
D:3:      kennysheep_the_goblin_king, layout_basic,
          dreamdust_ecumenical_altar_grove
D:4:      layout_basic, lightli_corner_chamber, uniq_grinder
D:5:      corexii_shack_village, layout_basic, lightli_temple_of_fire,
          minmay_temple_entry_mist, hangedman_decor_clover_reticule,
          uniq_menkaure, uniq_prince_ribbit1, uniq_eustachio
D:6:      layout_loops_cross, portal_sewer_entry_b, uniq_edmund, uniq_maggie,
          uniq_pikel
D:7:      layout_rooms, gammafunk_ghost_necromancy, nicolae_shop_firing_range,
          uniq_duvessa
D:8:      cheibrodos_barr_body, layout_loops_ring
D:9:      layout_gridville, serial_park_tiny_2
D:10:     gammafunk_wand_slinger, layout_loops_ring, lair_entry_dummy,
          orc_0_dummy, hellmonk_ghost_happy_afterlife, minivault_5,
          nicolae_water_bricks, uniq_fannar
D:11:     layout_small_grid, serial_shops, shop, uniq_snorg, uniq_harold
D:12:     minmay_box_of_curves, layout_rooms
D:13:     layout_layer_cave, ebering_ghost_gozag, uniq_erolcha, uniq_kirke,
          uniq_azrael

Skill      XL: |  1  2  3  4  5  6  7  8  9 10 11 12 |
---------------+-------------------------------------+-----
Unarmed Combat | 3 4 5 6 7 9 11 14 | 14.4
Dodging        | 5 6 |  6.2
Fighting       | 5 7 |  7.0
Armour         | 3 |  3.2
Evocations     | 5 7 |  7.0
Throwing       | |  0.8
Spellcasting   | |  1.2
Translocations | |  2.1

Action                   |  1- 3 |  4- 6 |  7- 9 | 10-12 || total
-------------------------+-------+-------+-------+-------++-------
Melee: Unarmed           |    47 |   100 |   272 |   351 ||   770
       Punch             |       |     4 |    16 |    33 ||    53
Invok: Berserk           |       |       |     3 |     8 ||    11
       Trog's Hand       |       |       |     2 |     5 ||     7
Evoke: Wand              |       |       |       |    13 ||    13
  Use: Scroll            |       |       |       |    17 ||    17
       Potion            |       |       |       |     5 ||     5
 Stab: Sleeping          |     1 |     1 |     1 |       ||     3
Armor: Robe              |    17 |    34 |    60 |    28 ||   139
       Acid dragon scale |       |       |       |   108 ||   108
Dodge: Dodged            |    12 |    24 |    98 |   228 ||   362
